cohdb
Replays
Latest Replays
All Replays
Popular Replays
Top Player Replays
Match Explorer
How It Works
Community
CoH3 Stats
Reddit
Sign in to upload your games and track your stats! →
Sign in with Steam
Match 39552322
Unlisted
Match 39552322
Overview
Messages
Build Orders
End
Royal Engineer Section
Construct Section Command Post
Selects Canadian Shock Battlegroup
Infantry Section
Infantry Section
Dingo Light Scout Car
Selects Attacking Spirit
Selects Canadian Shock Section
Construct Platoon Command Post
Humber Armored Car
Selects Incendiary Munitions
Construct Field Infirmary
Infantry Training
Grenade Package
Selects Pyrotechnics
Canadian Shock Section
Construct Company Command Post
Selects Demolition Engineering
Matilda II Heavy Tank
Armored Vehicle Training
ML 3-inch Mortar Team
Hefe
PayPerPaper
0
0
Comments
sign in to comment!
No comments posted yet!